 Dungeon Crawl Stone Soup version 0.24-a0-458-gfcb5e6da0e (webtiles) character file.

Game seed: 11111859120462621846

189 Azzok the Magician (level 5, -6/28 HPs)
             Began as a Deep Elf Fire Elementalist on June 27, 2019.
             Killed by divine providence
             ... invoked by an orc priest
              (12 damage)
             ... on level 3 of the Dungeon.
             The game lasted 00:03:36 (3049 turns).

Azzok the Magician (Deep Elf Fire Elementalist)     Turns: 3049, Time: 00:03:36

Health: -6/28      AC:  3    Str:  5    XL:     5   Next: 40%
Magic:  9/14       EV: 13    Int: 21    God:
Gold:   121        SH:  0    Dex: 15    Spells: 6/14 levels left

rFire    . . .     SeeInvis .   m - +1 flail (drain)
rCold    . . .     Gourm    .   (no shield)
rNeg     . . .     Faith    .   a - +0 robe
rPois    .         Spirit   .   b - +0 helmet
rElec    .         Reflect  .   (no cloak)
rCorr    .         Harm     .   (no gloves)
MR       .....                  (no boots)
Stlth    ++........             (no amulet)
HPRegen  0.09/turn              (no ring)
MPRegen  0.14/turn              (no ring)

@: lightly drained
A: no striking features
a: no special abilities


You were on level 3 of the Dungeon.
You were not hungry.

You visited 1 branch of the dungeon, and saw 3 of its levels.

You collected 121 gold pieces.

Inventory:

Hand Weapons
 m - a +1 flail of draining (weapon)
Armour
 a - a +0 robe (worn)
 b - a +0 helmet (worn)
Scrolls
 e - 3 scrolls of identify {unknown}
 f - a scroll of fog {unknown}
 g - a scroll of enchant weapon {unknown}
 h - a scroll of amnesia {unknown}
 j - 2 scrolls of teleportation {unknown}
 l - a scroll of remove curse {unknown}
Potions
 k - a potion of degeneration {unknown}
Comestibles
 c - 3 rations


   Skills:
 - Level 2.4(2.2) Dodging
 - Level 2.4(2.2) Stealth
 + Level 5.0(4.9) Spellcasting
 + Level 3.3(3.2) Conjurations
 + Level 4.7(4.6) Fire Magic


You had 6 spell levels left.
You knew the following spells:

 Your Spells              Type           Power        Failure   Level  Hunger
a - Flame Tongue          Conj/Fire      ###..        2%          1    None
b - Conjure Flame         Conj/Fire      ###.....     6%          3    ##.....
c - Sticky Flame          Conj/Fire      ###.....     22%         4    ####...

Your spell library contained the following spells:

 Spells                   Type           Power        Failure   Level  Hunger
 Throw Flame              Conj/Fire      ###...       3%          2    None
 Inner Flame              Hex/Fire       ##......     13%         3    ##.....
 Fireball                 Conj/Fire      ###.......   52%         5    #####..


Dungeon Overview and Level Annotations

Branches:
Dungeon (3/15)

Altars:
Elyvilon
Wu Jian


Message History

Confirm with . or Enter, or press ? or * to list all spells.
Aiming: Flame Tongue (safe; 2% risk of failure)
Press: ? - help, Shift-Dir - straight line, f/p - orc
Aim: an orc, wielding a +1 falchion of slicing (moderately wounded)
The flame tongue hits the orc!
You kill the orc!
The orc priest calls down the wrath of Beogh upon you.
Beogh smites you!
* * * LOW HITPOINT WARNING * * *
You hear a shout!
Casting: Flame Tongue (safe; 2% risk of failure)
Confirm with . or Enter, or press ? or * to list all spells.
Aiming: Flame Tongue (safe; 2% risk of failure)
Press: ? - help, Shift-Dir - straight line, f - orc priest
Aim: an orc priest, wielding a +0 club The flame tongue hits the orc priest.
The orc priest is moderately wounded.
The orc priest mumbles some strange prayers to Beogh against you.
Beogh smites you!
You die...

▒▒ ▒▒ ▒·· ·▒ ▒·▒ o▒
▒▒▒▒▒ ▒▒▒▒▒▒▒▒▒·▒▒▒▒o▒
· ·····▒··· ·····▒o▒ ▒·
▒·▒·▒·▒▒(▒▒^▒▒·▒·▒ ▒▒·
▒········▒▒·▒▒·▒o▒▒
)··· ▒(▒·▒▒····@··)··▒
▒··▒▒▒·▒·▒▒·▒▒·▒▒·▒▒·▒
▒·················▒ ▒
··<▒▒········▒▒·▒▒·▒
▒▒·▒▒····)···▒▒·▒▒·▒▒·▒
···▒▒·················▒
▒··▒▒·······▒▒▒▒▒·▒▒▒▒▒
▒··▒▒·······▒ ▒·▒
···▒▒·······▒ ▒·▒


You could see an orc priest.

Vanquished Creatures
  A hound (D:2)
  An orc wizard (D:3)
  5 adders (D:2)
  An ooze (D:3)
  2 worms (D:2)
  7 leopard geckos
  5 orcs (D:3)
  A giant cockroach (D:2)
  8 hobgoblins
  9 jackals (D:1)
  3 quokkas
  5 bats
  2 frilled lizards
  4 goblins
  8 kobolds
  2 rats (D:3)
64 creatures vanquished.

Notes
Turn   | Place    | Note
-------+----------+-------------------------------------------
     0 | D:1      | Azzok the Deep Elf Fire Elementalist began the quest for
                  | the Orb.
     0 | D:1      | Reached XP level 1. HP: 10/10 MP: 6/6
   450 | D:1      | Reached XP level 2. HP: 8/15 MP: 4/8
  1096 | D:1      | Reached XP level 3. HP: 19/19 MP: 8/10
  1445 | D:2      | Learned a level 3 spell: Conjure Flame
  1459 | D:2      | Reached skill level 4 in Spellcasting
  1772 | D:2      | Reached XP level 4. HP: 19/24 MP: 7/12
  1778 | D:2      | Learned a level 4 spell: Sticky Flame
  1974 | D:2      | Found a white marble altar of Elyvilon.
  2189 | D:2      | Found an ornate altar of the Wu Jian Council.
  2441 | D:2      | Reached XP level 5. HP: 27/28 MP: 9/14
  2503 | D:2      | Found a faded altar of an unknown god.
  3046 | D:3      | Reached skill level 5 in Spellcasting
  3049 | D:3      | Killed from afar by an orc priest

Levels and vault maps discovered:
D:1:      minmay_arrival_jagged, layout_loops_ring, st_stairs_1
D:2:      layout_loops_ring, marbit_many_paths, elyvilon_altar_5,
          chequers_ecumenical_altar_simple_redux
D:3:      layout_loops_cross, old_standard_altar, corner_web_ring

Skill      XL: |  1  2  3  4  5 |
---------------+----------------+-----
Conjurations   | 2 3 |  3.3
Spellcasting   | 4 5 |  5.0
Fire Magic     | 4 |  4.7
Dodging        | |  2.4
Stealth        | |  2.4

Action                   |  1- 3 |  4- 6 || total
-------------------------+-------+-------++-------
Melee: Dagger            |     7 |     1 ||     8
 Cast: Flame Tongue      |    72 |    63 ||   135
  Eat: Chunk             |     2 |     4 ||     6
Armor: Robe              |     8 |     5 ||    13
Dodge: Dodged            |    39 |    11 ||    50

Table legend:
 A = Non-vault XP
 B = Vault XP
 C = Vault XP percentage of total XP
 D = Non-vault monster count
 E = Vault monster count
 F = Vault count percentage of total count
                 A         B        C        D         E       F
            +---------+---------+-------+---------+---------+-------
      Total |     261 |      10 |   3.7 |      61 |       3 |   4.7
            +---------+---------+-------+---------+---------+-------
        D:1 |      48 |       5 |   9.4 |      24 |       2 |   7.7
        D:2 |     141 |       5 |   3.4 |      23 |       1 |   4.2
        D:3 |      72 |       0 |   0.0 |      14 |       0 |   0.0
            +---------+---------+-------+---------+---------+-------
